General information
			
			
        
        - name: BNet
 
        - type: Ladder team game (AT/RT)
 
        - host: Battle.net
 
        - saver: iLIKE2playwSH1T
 
        
map: SunrockCove 
        - players: 6
 
        - length: 91:45
 
        - speed: Fast
 - version: 1.22 W3XP
 - replay type:  Public
 
» download(402 KB)
Players
        team 1 (loser) 
              
              
» 
Pissed_Pe0n (
pink | 44 APM | 3168 actions | 71:15)
              
 4 Goblin Tinker 
 2 Pocket Factory
 1 Engineering Upgrade
 1 Cluster Rockets
 3 Demon Hunter 
 2 Evasion
 1 Mana Burn
 3 Priestess of the Moon 
 2 Trueshot Aura
 1 Searing Arrows
 
                » actions 
                
                | Assign group hotkey | 42 |  | 
| Basic commands | 118 |  | 
| Build / train | 121 |  | 
| Enter build submenu | 33 |  | 
| Enter hero's abilities submenu | 10 |  | 
| Remove unit from queue | 4 |  | 
| Right click | 1933 |  | 
| Select / deselect | 696 |  | 
| Select group hotkey | 108 |  | 
| Use ability | 103 |  | 
                3168 total
 » units 
                
                | Wisp | 29 |  | 
| Archer | 13 |  | 
| Huntress | 2 |  | 
| Chimaera | 13 |  | 
| Hippogryph | 25 |  | 
| Goblin Zeppelin | 6 |  | 
| Goblin Shredder | 1 |  | 
| Glaive Thrower | 2 |  | 
                91 total
 » upgrades
                
                | Moon Armor | 1 |  | 
| Improved Bows | 1 |  | 
| Marksmanship | 1 |  | 
| Corrosive Breath | 1 |  | 
| Nature's Blessing | 1 |  | 
                5 total
 » buildings
                
                | Moon Well | 8 |  | 
| Altar of Elders | 1 |  | 
| Ancient of War | 1 |  | 
| Ancient of Wonders | 1 |  | 
| Tree of Life | 2 |  | 
| Tree of Ages | 1 |  | 
| Hunter's Hall | 1 |  | 
| Tree of Eternity | 1 |  | 
| Ancient of Wind | 1 |  | 
| Ancient Protector | 10 |  | 
| Chimaera Roost | 2 |  | 
                29 total
 » build order
                00:04 Moon Well
00:11 Altar of Elders
01:01 Ancient of War
01:32 Moon Well
02:38 Moon Well
02:42 Moon Well
02:50 Ancient of Wonders
03:32 Tree of Life
03:58 Moon Well
05:34 Tree of Ages
05:44 Hunter's Hall
07:00 Moon Well
09:09 Tree of Eternity
10:32 Ancient of Wind
10:35 Moon Well
10:38 Moon Well
11:27 Ancient Protector
12:13 Chimaera Roost
12:14 Chimaera Roost
23:47 Ancient Protector
26:16 Ancient Protector
26:18 Ancient Protector
28:01 Ancient Protector
29:26 Tree of Life
32:21 Ancient Protector
32:23 Ancient Protector
32:25 Ancient Protector
32:32 Ancient Protector
32:38 Ancient Protector
» items
                
                | Dust of Appearance | 1 |  | 
| Lesser Clarity Potion | 1 |  | 
| Potion of Lesser Invulnerability | 1 |  | 
| Boots of Speed | 1 |  | 
| Scroll of Town Portal | 1 |  | 
| Potion of Invisibility | 1 |  | 
                6 total
  
               
              
              
asagiri (
orange | 47 APM | 3803 actions | 80:46)
              
 6 Death Knight 
 3 Death Coil
 1 Unholy Aura
 2 Death Pact
 4 Lich 
 2 Frost Nova
 2 Frost Armor
 
                » actions 
                
                | Assign group hotkey | 43 |  | 
| Basic commands | 24 |  | 
| Build / train | 77 |  | 
| Enter build submenu | 24 |  | 
| Enter hero's abilities submenu | 10 |  | 
| Give item / drop item | 2 |  | 
| Remove unit from queue | 1 |  | 
| Right click | 2272 |  | 
| Select / deselect | 307 |  | 
| Select group hotkey | 949 |  | 
| Use ability | 94 |  | 
                3803 total
 » units 
                
                | Acolyte | 3 |  | 
| Ghoul | 3 |  | 
| Crypt Fiend | 10 |  | 
| Obsidian Statue | 3 |  | 
| Abomination | 6 |  | 
| Frost Wyrm | 15 |  | 
| Goblin Zeppelin | 1 |  | 
| Meatwagon | 1 |  | 
                42 total
 » upgrades
                
                | Creature Attack | 3 |  | 
| Creature Carapace | 3 |  | 
| Web | 1 |  | 
| Destroyer Form | 1 |  | 
| Unholy Armor | 3 |  | 
| Disease Cloud | 1 |  | 
| Unholy Strength | 1 |  | 
| Freezing Breath | 1 |  | 
                14 total
 » buildings
                
                | Crypt | 1 |  | 
| Altar of Darkness | 1 |  | 
| Ziggurat | 12 |  | 
| Graveyard | 1 |  | 
| Spirit Tower | 4 |  | 
| Tomb of Relics | 1 |  | 
| Halls of the Dead | 1 |  | 
| Nerubian Tower | 1 |  | 
| Black Citadel | 1 |  | 
| Slaughterhouse | 2 |  | 
| Sacrificial Pit | 1 |  | 
| Boneyard | 2 |  | 
| Necropolis | 1 |  | 
                29 total
 » build order
                00:15 Crypt
00:17 Altar of Darkness
00:39 Ziggurat
01:00 Graveyard
01:29 Ziggurat
02:23 Spirit Tower
02:37 Ziggurat
02:53 Tomb of Relics
03:29 Halls of the Dead
03:30 Nerubian Tower
04:05 Ziggurat
06:19 Black Citadel
09:15 Slaughterhouse
11:51 Slaughterhouse
11:57 Ziggurat
17:26 Ziggurat
17:29 Ziggurat
20:55 Ziggurat
25:36 Sacrificial Pit
26:30 Boneyard
26:34 Ziggurat
27:40 Ziggurat
27:44 Spirit Tower
28:06 Boneyard
28:41 Spirit Tower
29:14 Ziggurat
31:56 Spirit Tower
33:08 Necropolis
35:07 Ziggurat
» items
                 
               
              
              
FU.U.to.the.S (
red | 42 APM | 3873 actions | 91:45)
              
 5 Pit Lord 
 3 Rain of Fire
 2 Howl of Terror
 3 Death Knight 
 2 Unholy Aura
 1 Death Coil
 
                » actions 
                
                | Assign group hotkey | 23 |  | 
| Basic commands | 175 |  | 
| Build / train | 121 |  | 
| ESC pressed | 5 |  | 
| Enter build submenu | 47 |  | 
| Enter hero's abilities submenu | 8 |  | 
| Give item / drop item | 7 |  | 
| Remove unit from queue | 4 |  | 
| Right click | 1770 |  | 
| Select / deselect | 953 |  | 
| Select group hotkey | 578 |  | 
| Use ability | 176 |  | 
                3873 total
 » units 
                
                | Acolyte | 34 |  | 
| Ghoul | 4 |  | 
| Crypt Fiend | 24 |  | 
| Goblin Zeppelin | 7 |  | 
| Frost Wyrm | 6 |  | 
                75 total
 » upgrades
                
                | Creature Carapace | 2 |  | 
| Creature Attack | 3 |  | 
| Web | 1 |  | 
| Freezing Breath | 1 |  | 
                7 total
 » buildings
                
                | Ziggurat | 11 |  | 
| Crypt | 1 |  | 
| Graveyard | 2 |  | 
| Altar of Darkness | 1 |  | 
| Spirit Tower | 11 |  | 
| Halls of the Dead | 1 |  | 
| Necropolis | 6 |  | 
| Black Citadel | 1 |  | 
| Tomb of Relics | 1 |  | 
| Sacrificial Pit | 1 |  | 
| Boneyard | 2 |  | 
                38 total
 » build order
                00:05 Ziggurat
00:20 Ziggurat
00:24 Crypt
01:13 Graveyard
02:31 Altar of Darkness
02:50 Spirit Tower
02:50 Spirit Tower
03:47 Spirit Tower
06:47 Ziggurat
06:50 Ziggurat
07:43 Spirit Tower
07:44 Spirit Tower
08:56 Halls of the Dead
11:11 Necropolis
12:57 Black Citadel
13:54 Ziggurat
13:55 Ziggurat
15:20 Spirit Tower
15:20 Spirit Tower
17:36 Necropolis
19:58 Necropolis
20:38 Tomb of Relics
23:07 Necropolis
23:27 Ziggurat
26:16 Ziggurat
26:36 Ziggurat
27:29 Spirit Tower
27:30 Spirit Tower
27:32 Ziggurat
28:10 Ziggurat
28:27 Spirit Tower
29:06 Spirit Tower
31:21 Necropolis
41:31 Necropolis
44:10 Sacrificial Pit
45:16 Boneyard
45:18 Boneyard
50:15 Graveyard
» items
                
                | Periapt of Vitality | 2 |  | 
| Circlet of Nobility | 2 |  | 
| Scroll of Healing | 1 |  | 
| Sacrificial Skull | 3 |  | 
| Scroll of Town Portal | 2 |  | 
| Orb of Corruption | 1 |  | 
                11 total
  
               team 2 (winner) 
              
              
iLIKE2playwSH1T (
blue | 51 APM | 4661 actions | 91:45)
              
 9 Blademaster 
 3 Wind Walk
 3 Critical Strike
 1 Bladestorm
 2 Mirror Image
 6 Shadow Hunter 
 3 Healing Wave
 2 Hex
 1 Big Bad Voodoo
 6 Dark Ranger 
 2 Black Arrow
 3 Silence
 1 Charm
 2 Paladin 
 1 Divine Shield
 1 Devotion Aura
 1 Archmage 
 1 Brilliance Aura
 1 Mountain King 
 1 Storm Bolt
 
                » actions 
                
                | Assign group hotkey | 71 |  | 
| Basic commands | 63 |  | 
| Build / train | 169 |  | 
| ESC pressed | 6 |  | 
| Enter build submenu | 112 |  | 
| Enter hero's abilities submenu | 26 |  | 
| Give item / drop item | 20 |  | 
| Right click | 1814 |  | 
| Select / deselect | 913 |  | 
| Select group hotkey | 933 |  | 
| Use ability | 534 |  | 
                4661 total
 » units 
                
                | Peon | 29 |  | 
| Goblin Zeppelin | 10 |  | 
| Troll Batrider | 24 |  | 
| Goblin Shredder | 1 |  | 
| Acolyte | 1 |  | 
                65 total
 » upgrades
                
                | Reinforced Defenses | 1 |  | 
| Liquid Fire | 1 |  | 
| Ranged Weapons | 2 |  | 
| Spiked Barricades | 1 |  | 
                5 total
 » buildings
                
                | Altar of Storms | 2 |  | 
| Orc Burrow | 9 |  | 
| Voodoo Lounge | 4 |  | 
| War Mill | 2 |  | 
| Stronghold | 2 |  | 
| Watch Tower | 98 |  | 
| Fortress | 3 |  | 
| Beastiary | 4 |  | 
| Town Hall | 3 |  | 
| Necropolis | 2 |  | 
| Ziggurat | 1 |  | 
| Altar of Darkness | 1 |  | 
                131 total
 » build order
                00:06 Altar of Storms
00:12 Orc Burrow
00:46 Voodoo Lounge
01:24 War Mill
02:39 Stronghold
03:42 Watch Tower
03:42 Watch Tower
05:00 Fortress
05:00 Fortress
05:05 Orc Burrow
06:54 Beastiary
06:58 Beastiary
07:14 Watch Tower
07:14 Watch Tower
08:57 Orc Burrow
17:45 Orc Burrow
17:48 Orc Burrow
19:54 War Mill
19:59 Watch Tower
20:00 Watch Tower
20:11 Voodoo Lounge
20:13 Watch Tower
20:41 Watch Tower
20:42 Watch Tower
21:02 Watch Tower
21:06 Watch Tower
21:08 Watch Tower
21:26 Watch Tower
21:54 Orc Burrow
22:03 Orc Burrow
22:52 Watch Tower
22:57 Watch Tower
22:58 Orc Burrow
23:00 Watch Tower
23:09 Watch Tower
24:02 Stronghold
24:06 Watch Tower
24:06 Watch Tower
24:07 Watch Tower
24:07 Watch Tower
25:43 Watch Tower
25:44 Watch Tower
25:45 Watch Tower
25:46 Watch Tower
25:48 Watch Tower
25:50 Watch Tower
26:30 Altar of Storms
26:46 Watch Tower
28:02 Fortress
28:08 Watch Tower
28:10 Watch Tower
28:10 Watch Tower
28:12 Watch Tower
28:14 Watch Tower
29:26 Beastiary
29:28 Beastiary
29:31 Watch Tower
29:31 Watch Tower
29:56 Watch Tower
29:58 Watch Tower
31:18 Voodoo Lounge
32:00 Watch Tower
32:02 Watch Tower
34:03 Watch Tower
34:04 Watch Tower
34:05 Watch Tower
34:06 Watch Tower
34:11 Watch Tower
34:12 Watch Tower
34:12 Watch Tower
34:13 Watch Tower
34:14 Watch Tower
34:15 Watch Tower
34:15 Watch Tower
34:47 Orc Burrow
39:54 Watch Tower
39:55 Watch Tower
39:55 Watch Tower
39:55 Watch Tower
39:57 Watch Tower
39:57 Watch Tower
39:57 Watch Tower
39:58 Watch Tower
39:58 Watch Tower
39:58 Watch Tower
39:59 Watch Tower
39:59 Watch Tower
40:00 Watch Tower
40:00 Watch Tower
40:01 Watch Tower
40:01 Watch Tower
41:22 Watch Tower
41:23 Watch Tower
41:23 Watch Tower
41:24 Watch Tower
41:25 Watch Tower
41:25 Watch Tower
42:19 Watch Tower
42:20 Watch Tower
42:21 Watch Tower
42:22 Watch Tower
42:36 Watch Tower
43:40 Voodoo Lounge
44:17 Watch Tower
58:26 Watch Tower
58:26 Watch Tower
58:27 Watch Tower
58:29 Watch Tower
58:29 Watch Tower
58:32 Watch Tower
58:32 Watch Tower
58:35 Watch Tower
58:35 Watch Tower
58:36 Watch Tower
58:57 Watch Tower
58:57 Watch Tower
58:58 Watch Tower
58:59 Watch Tower
59:00 Watch Tower
59:03 Watch Tower
59:03 Watch Tower
83:29 Town Hall
83:34 Town Hall
83:40 Town Hall
87:56 Necropolis
88:31 Necropolis
90:46 Ziggurat
90:54 Altar of Darkness
» items
                
                | Lesser Clarity Potion | 10 |  | 
| Healing Salve | 5 |  | 
| Boots of Speed | 3 |  | 
| Staff of Teleportation | 4 |  | 
| Orb of Lightning | 5 |  | 
| Tiny Great Hall | 7 |  | 
| Scroll of Town Portal | 7 |  | 
| Scroll of Speed | 1 |  | 
| Tome of Retraining | 1 |  | 
| Potion of Lesser Invulnerability | 8 |  | 
| Staff of Sanctuary | 1 |  | 
| Potion of Invisibility | 5 |  | 
                57 total
  
               
              
              
OilPlantZone (
yellow | 40 APM | 3255 actions | 81:40)
              
 4 Archmage 
 2 Blizzard
 2 Brilliance Aura
 5 Paladin 
 3 Holy Light
 2 Divine Shield
 2 Mountain King 
 1 Storm Bolt
 1 Bash
 
                » actions 
                
                | Assign group hotkey | 71 |  | 
| Basic commands | 51 |  | 
| Build / train | 333 |  | 
| Enter build submenu | 144 |  | 
| Enter hero's abilities submenu | 11 |  | 
| Give item / drop item | 8 |  | 
| Right click | 1000 |  | 
| Select / deselect | 976 |  | 
| Select group hotkey | 346 |  | 
| Use ability | 315 |  | 
                3255 total
 » units 
                
                | Peasant | 50 |  | 
| Mortar Team | 7 |  | 
| Dragonhawk Rider | 49 |  | 
| Flying Machine | 2 |  | 
| Goblin Zeppelin | 15 |  | 
| Siege Engine | 2 |  | 
                125 total
 » upgrades
                
                | Masonry | 3 |  | 
| Swords | 2 |  | 
| Flare | 1 |  | 
| Barrage | 2 |  | 
| Fragmentation Shards | 2 |  | 
| Flak Cannons | 1 |  | 
| Armor | 1 |  | 
| Magic Sentry | 1 |  | 
| Cloud | 1 |  | 
                14 total
 » buildings
                
                | Altar of Kings | 2 |  | 
| Farm | 32 |  | 
| Scout Tower | 67 |  | 
| Lumber Mill | 4 |  | 
| Arcane Tower | 2 |  | 
| Keep | 52 |  | 
| Guard Tower | 86 |  | 
| Arcane Vault | 7 |  | 
| Blacksmith | 2 |  | 
| Castle | 2 |  | 
| Gryphon Aviary | 2 |  | 
| Workshop | 3 |  | 
| Town Hall | 2 |  | 
| Arcane Sanctum | 1 |  | 
                264 total
 » build order
                00:07 Altar of Kings
00:11 Farm
00:26 Scout Tower
00:38 Lumber Mill
00:56 Arcane Tower
01:30 Farm
02:25 Keep
02:25 Keep
02:25 Keep
02:29 Scout Tower
02:56 Scout Tower
03:01 Guard Tower
03:39 Guard Tower
03:44 Arcane Vault
04:03 Blacksmith
04:47 Castle
05:03 Gryphon Aviary
05:13 Workshop
05:33 Workshop
05:54 Farm
06:03 Workshop
06:08 Farm
06:15 Farm
07:04 Farm
07:47 Scout Tower
07:49 Scout Tower
07:50 Scout Tower
08:08 Scout Tower
08:10 Scout Tower
08:51 Guard Tower
09:15 Guard Tower
09:39 Scout Tower
09:41 Scout Tower
09:58 Farm
10:00 Farm
10:07 Guard Tower
10:08 Guard Tower
11:40 Farm
17:24 Town Hall
18:11 Farm
18:14 Farm
18:17 Farm
18:19 Farm
19:03 Farm
19:40 Town Hall
20:06 Farm
20:21 Scout Tower
20:40 Scout Tower
20:43 Scout Tower
20:44 Scout Tower
20:45 Scout Tower
20:50 Scout Tower
20:54 Scout Tower
20:55 Guard Tower
21:23 Scout Tower
21:24 Scout Tower
21:26 Scout Tower
21:28 Scout Tower
21:32 Scout Tower
22:10 Guard Tower
22:57 Guard Tower
22:57 Scout Tower
23:21 Guard Tower
24:00 Guard Tower
24:00 Guard Tower
24:00 Guard Tower
24:04 Guard Tower
24:04 Guard Tower
24:04 Guard Tower
24:47 Guard Tower
24:47 Guard Tower
24:48 Guard Tower
26:28 Guard Tower
27:32 Scout Tower
27:33 Scout Tower
27:33 Scout Tower
27:34 Scout Tower
28:08 Guard Tower
28:13 Guard Tower
28:14 Guard Tower
28:14 Guard Tower
28:14 Guard Tower
28:14 Guard Tower
28:15 Guard Tower
28:43 Scout Tower
28:44 Guard Tower
29:35 Guard Tower
29:36 Scout Tower
29:43 Scout Tower
29:44 Scout Tower
29:44 Scout Tower
29:47 Scout Tower
29:54 Scout Tower
29:56 Scout Tower
30:26 Guard Tower
30:30 Scout Tower
30:32 Scout Tower
30:33 Scout Tower
30:35 Scout Tower
30:35 Guard Tower
30:47 Guard Tower
30:50 Scout Tower
30:54 Scout Tower
30:54 Scout Tower
30:55 Scout Tower
30:58 Scout Tower
30:59 Guard Tower
31:03 Scout Tower
31:06 Guard Tower
31:12 Scout Tower
31:15 Guard Tower
31:17 Scout Tower
31:18 Scout Tower
31:22 Scout Tower
32:26 Lumber Mill
32:38 Lumber Mill
37:29 Scout Tower
38:26 Lumber Mill
39:40 Guard Tower
42:19 Guard Tower
42:31 Guard Tower
42:31 Guard Tower
42:32 Guard Tower
43:33 Farm
43:35 Farm
43:36 Farm
43:59 Farm
44:53 Farm
45:03 Farm
45:04 Farm
45:06 Farm
45:28 Guard Tower
46:10 Farm
48:32 Farm
48:36 Farm
48:42 Farm
48:48 Guard Tower
50:27 Guard Tower
50:27 Guard Tower
50:28 Guard Tower
50:28 Guard Tower
50:28 Guard Tower
50:29 Guard Tower
50:29 Guard Tower
50:29 Guard Tower
50:30 Guard Tower
50:30 Guard Tower
50:30 Guard Tower
50:31 Guard Tower
50:31 Guard Tower
50:31 Guard Tower
50:32 Guard Tower
50:32 Guard Tower
50:32 Guard Tower
50:33 Guard Tower
50:33 Guard Tower
52:04 Keep
52:05 Keep
52:05 Keep
52:05 Keep
52:05 Keep
52:06 Keep
52:06 Keep
52:06 Keep
52:06 Keep
52:07 Keep
52:07 Keep
52:07 Keep
52:07 Keep
52:08 Keep
52:08 Keep
52:08 Keep
52:09 Keep
52:09 Keep
52:09 Keep
52:10 Keep
52:10 Keep
52:10 Keep
52:10 Keep
52:11 Keep
52:11 Keep
52:11 Keep
52:11 Keep
52:12 Keep
52:12 Keep
52:12 Keep
52:12 Keep
52:13 Keep
52:19 Keep
52:19 Keep
52:19 Keep
52:20 Keep
52:20 Keep
52:31 Farm
54:21 Arcane Vault
55:04 Guard Tower
55:21 Altar of Kings
57:28 Castle
57:36 Farm
57:39 Farm
57:42 Farm
57:43 Farm
57:55 Arcane Vault
58:17 Arcane Vault
58:27 Arcane Vault
59:23 Arcane Sanctum
59:32 Blacksmith
59:41 Scout Tower
59:45 Scout Tower
59:49 Scout Tower
60:16 Guard Tower
61:28 Guard Tower
61:30 Scout Tower
61:33 Scout Tower
61:36 Scout Tower
61:37 Scout Tower
61:42 Scout Tower
61:46 Scout Tower
61:48 Scout Tower
61:49 Scout Tower
61:51 Scout Tower
62:26 Guard Tower
62:45 Guard Tower
62:52 Scout Tower
62:54 Scout Tower
62:59 Scout Tower
63:09 Scout Tower
63:37 Gryphon Aviary
63:51 Guard Tower
64:10 Guard Tower
64:32 Arcane Vault
66:17 Scout Tower
66:56 Guard Tower
70:11 Arcane Vault
» items
                
                | Healing Salve | 1 |  | 
| Potion of Mana | 1 |  | 
| Potion of Healing | 2 |  | 
| Orb of Fire | 1 |  | 
| Scroll of Town Portal | 4 |  | 
| Ivory Tower | 8 |  | 
| Boots of Speed | 3 |  | 
| Staff of Teleportation | 3 |  | 
| Potion of Invisibility | 2 |  | 
| Orb of Lightning | 1 |  | 
                26 total
  
               
              
              
» 
i.cons (
green | 55 APM | 1505 actions | 27:34)
              
 3 Mountain King 
 2 Storm Bolt
 1 Bash
 1 Paladin 
 1 Holy Light
 
                » actions 
                
                | Assign group hotkey | 16 |  | 
| Build / train | 71 |  | 
| Enter build submenu | 48 |  | 
| Enter hero's abilities submenu | 4 |  | 
| Give item / drop item | 1 |  | 
| Remove unit from queue | 9 |  | 
| Right click | 778 |  | 
| Select / deselect | 266 |  | 
| Select group hotkey | 233 |  | 
| Use ability | 79 |  | 
                1505 total
 » units 
                » upgrades
                
                | Swords | 2 |  | 
| Plating | 2 |  | 
| Animal War Training | 1 |  | 
| Masonry | 1 |  | 
                6 total
 » buildings
                
                | Altar of Kings | 3 |  | 
| Farm | 7 |  | 
| Barracks | 4 |  | 
| Scout Tower | 17 |  | 
| Keep | 2 |  | 
| Arcane Tower | 2 |  | 
| Arcane Vault | 1 |  | 
| Town Hall | 1 |  | 
| Blacksmith | 2 |  | 
| Lumber Mill | 3 |  | 
| Guard Tower | 6 |  | 
| Castle | 1 |  | 
| Arcane Sanctum | 1 |  | 
                50 total
 » build order
                00:09 Altar of Kings
00:12 Farm
00:18 Barracks
01:20 Farm
01:59 Farm
02:19 Farm
02:40 Scout Tower
02:47 Scout Tower
03:01 Keep
03:32 Arcane Tower
04:08 Arcane Vault
04:34 Town Hall
05:10 Blacksmith
05:59 Barracks
06:10 Lumber Mill
07:12 Guard Tower
09:10 Castle
11:09 Arcane Sanctum
12:12 Farm
13:57 Scout Tower
14:24 Scout Tower
14:26 Scout Tower
14:28 Scout Tower
14:33 Guard Tower
14:53 Guard Tower
15:10 Guard Tower
17:34 Scout Tower
17:37 Scout Tower
17:40 Scout Tower
17:41 Scout Tower
17:47 Scout Tower
18:20 Arcane Tower
18:24 Lumber Mill
18:31 Scout Tower
18:32 Scout Tower
18:34 Scout Tower
18:36 Scout Tower
18:40 Scout Tower
18:51 Scout Tower
19:10 Farm
19:14 Guard Tower
20:01 Guard Tower
20:09 Altar of Kings
20:12 Farm
21:49 Barracks
21:54 Barracks
22:49 Lumber Mill
23:33 Keep
23:38 Altar of Kings
25:34 Blacksmith
» items
                
                | Scroll of Regeneration | 1 |  | 
| Lesser Clarity Potion | 1 |  | 
| Potion of Healing | 3 |  | 
| Potion of Mana | 3 |  | 
                8 total
  
                Chat log
          (00:32 / Allies) iLIKE2playwSH1T: tech and expo islands asap
(00:43 / Allies) i.cons: k 
(00:53 / Allies) OilPlantZone: should i get bloodmage
(00:59 / 6) iLIKE2playwSH1T: why woudl you
(01:04 / Allies) i.cons: mk for me
(01:05 / 6) iLIKE2playwSH1T: in case we get level 6?
(01:09 / Allies) i.cons: dual would be nice
(01:11 / 4) OilPlantZone: for hack
(01:13 / 6) iLIKE2playwSH1T: no
(01:14 / 6) iLIKE2playwSH1T: not worth it
(01:24 / 4) OilPlantZone: am then
(01:31 / 6) iLIKE2playwSH1T: k
(01:50 / 6) iLIKE2playwSH1T: both these faggots goign fiends
(01:55 / 6) iLIKE2playwSH1T: if i can get level 3 fast we should be in good shape tho
(02:26 / 6) iLIKE2playwSH1T: tinker for pinker
(02:43 / 4) OilPlantZone: should i creep with you
(02:43 / 4) OilPlantZone: or no
(02:45 / 6) iLIKE2playwSH1T: no
(02:46 / 4) OilPlantZone: shgould i harass or no
(02:49 / 6) iLIKE2playwSH1T: no
(02:54 / 6) iLIKE2playwSH1T: creep for xp
(04:17 / 4) OilPlantZone: so i get tanks
(04:20 / 4) OilPlantZone: and mortars?
(04:22 / 4) OilPlantZone: and hawks
(04:25 / 6) iLIKE2playwSH1T: hmm
(04:30 / 6) iLIKE2playwSH1T: some morts for sure
(04:34 / 4) OilPlantZone: and i get hawk attack and armor upgrades?
(04:34 / 6) iLIKE2playwSH1T: hawks are good tho
(05:25 / 4) OilPlantZone: wood?
(05:34 / 6) iLIKE2playwSH1T: get pally asap
(05:45 / 4) OilPlantZone: what hte harn for
(05:45 / 4) OilPlantZone: wood
(05:48 / 6) iLIKE2playwSH1T: ...
(05:53 / 6) iLIKE2playwSH1T: tri hero is a must
(05:54 / 6) iLIKE2playwSH1T: remember?
(05:57 / 4) OilPlantZone: o
(05:58 / 4) OilPlantZone: ya
(07:55 / 6) iLIKE2playwSH1T: paladin.
(09:14 / 6) iLIKE2playwSH1T: use mortar
(10:21 / All) Pissed_Pe0n: hack
(10:35 / All) iLIKE2playwSH1T: saw u leave ally dumb turd
(11:06 / 4) OilPlantZone: we need expos
(11:12 / 6) iLIKE2playwSH1T: got 3 heros?
(11:25 / 4) OilPlantZone: wood
(11:28 / Allies) i.cons: get expos guys 
(12:17 / 6) iLIKE2playwSH1T: gogo island now
(12:24 / 6) iLIKE2playwSH1T: with heros
(12:26 / 6) iLIKE2playwSH1T: leav emort to guard main
(12:27 / 6) iLIKE2playwSH1T: come on
(12:28 / 6) iLIKE2playwSH1T: siland now
(12:29 / 6) iLIKE2playwSH1T: siland now
(12:46 / 6) iLIKE2playwSH1T: island
(12:49 / 6) iLIKE2playwSH1T: i cant do with 3 heros only
(12:50 / 6) iLIKE2playwSH1T: island
(12:58 / 6) iLIKE2playwSH1T: buy sep
(12:58 / 6) iLIKE2playwSH1T: fast
(13:00 / 6) iLIKE2playwSH1T: skelly diying
(13:02 / 6) iLIKE2playwSH1T: fast
(13:03 / 6) iLIKE2playwSH1T: buy sepp
(13:06 / 6) iLIKE2playwSH1T: dskelly dying
(13:07 / 6) iLIKE2playwSH1T: fast
(13:08 / 6) iLIKE2playwSH1T: by sepp
(13:12 / 6) iLIKE2playwSH1T: biy zepeln
(13:18 / 6) iLIKE2playwSH1T: ???
(13:25 / 6) iLIKE2playwSH1T: u therE?
(13:36 / 4) OilPlantZone: ya
(13:37 / 4) OilPlantZone: jfd;lkafs
(13:39 / 6) iLIKE2playwSH1T: get a zeppelin
(13:40 / 6) iLIKE2playwSH1T: and come
(13:41 / 6) iLIKE2playwSH1T: to the island
(13:45 / Allies) i.cons: help
(14:06 / 6) iLIKE2playwSH1T: ejsus fuck
(14:09 / 6) iLIKE2playwSH1T: we could hav had it clearned by now
(14:13 / 6) iLIKE2playwSH1T: the expo creep matters more
(14:15 / 6) iLIKE2playwSH1T: than other creeps
(14:16 / 6) iLIKE2playwSH1T: its special
(15:00 / 6) iLIKE2playwSH1T: b ready to heal
(15:00 / 6) iLIKE2playwSH1T: ggogo'
(15:20 / 6) iLIKE2playwSH1T: waght ar eyou doing
(15:21 / 6) iLIKE2playwSH1T: a joke?
(15:25 / Allies) i.cons: help
(15:56 / 6) iLIKE2playwSH1T: tp
(16:20 / Allies) i.cons: u faggot
(16:22 / Allies) i.cons: s
(17:00 / 6) iLIKE2playwSH1T: get out
(17:01 / 6) iLIKE2playwSH1T: if u can
(17:01 / Allies) i.cons: blue u suck 
(17:07 / 4) OilPlantZone: whjo told me to tp
(18:30 / 6) iLIKE2playwSH1T: tower expos asap
(19:36 / Allies) i.cons: lumber plz
(21:09 / 6) iLIKE2playwSH1T: not so far out
(21:11 / 6) iLIKE2playwSH1T: they have chims
(22:29 / Allies) i.cons: lumber plz
(22:48 / 6) iLIKE2playwSH1T: fail
(23:40 / 6) iLIKE2playwSH1T: FUCK WHERE IS MY FOOD
(23:52 / 6) iLIKE2playwSH1T: they gonna zerg me
(23:54 / 6) iLIKE2playwSH1T: real soon
(24:08 / 4) OilPlantZone: no gold
(24:12 / 4) OilPlantZone: and i dont know what to do
(24:14 / 4) OilPlantZone: i have no hawks
(24:15 / 4) OilPlantZone: no tanks
(24:18 / 4) OilPlantZone: not enough mortars
(24:23 / 6) iLIKE2playwSH1T: and ur on tax mode
(24:26 / 4) OilPlantZone: no orbs on heros
(24:49 / 6) iLIKE2playwSH1T: kill that
(24:56 / Allies) i.cons: fuck u u suck 
(25:03 / 6) iLIKE2playwSH1T: wish we had gotten top mine for u
(25:05 / Allies) OilPlantZone: give supplies?
(25:10 / 6) iLIKE2playwSH1T: for tax?
(25:11 / Allies) i.cons: no 
(25:15 / Allies) OilPlantZone: :(
(25:21 / Allies) i.cons: fuck u too
(25:23 / 4) OilPlantZone: not YOU
(25:24 / 4) OilPlantZone: idiot
(25:33 / 4) OilPlantZone: when i talk to allies i have to press five buttons
(25:36 / 4) OilPlantZone: to do so
(25:53 / Allies) i.cons: give me lumber blue
(25:57 / Allies) iLIKE2playwSH1T: for??
(26:03 / Allies) i.cons: guys?
(26:22 / 6) iLIKE2playwSH1T: u got staff of tp?
(26:32 / 4) OilPlantZone: wood?
(26:35 / 4) OilPlantZone: ]no
(27:21 / 4) OilPlantZone: what should i do'
(28:18 / 4) OilPlantZone: wood?
(29:12 / 6) iLIKE2playwSH1T: how is every shop out of every tiem
(32:40 / 6) iLIKE2playwSH1T: they pinged top right
(32:41 / 6) iLIKE2playwSH1T: fuck
(32:58 / 6) iLIKE2playwSH1T: dont go there
(32:59 / 6) iLIKE2playwSH1T: they going
(33:19 / 4) OilPlantZone: should i have peons on autorepair?
(33:26 / 6) iLIKE2playwSH1T: no
(34:41 / 4) OilPlantZone: only have nine hawks
(34:41 / 6) iLIKE2playwSH1T: here it comes
(34:47 / 4) OilPlantZone: onle 101 upgrades
(34:56 / 4) OilPlantZone: only 3 tanks
(35:00 / 6) iLIKE2playwSH1T: b ready  to tp
(35:22 / 4) OilPlantZone: those are my gheros
(35:46 / 4) OilPlantZone: but htey all have staffs
(36:23 / 6) iLIKE2playwSH1T: tar basing top
(36:24 / 4) OilPlantZone: wtf did you do
(36:25 / 4) OilPlantZone: fagit
(36:33 / 4) OilPlantZone: what DOES thatm ean
(36:38 / 6) iLIKE2playwSH1T: zuick hall
(36:41 / 6) iLIKE2playwSH1T: tp tnaks
(36:46 / 4) OilPlantZone: i cant tp tanks
(36:47 / 4) OilPlantZone: you FOOL:
(36:50 / 4) OilPlantZone: i only had 1 tp
(36:51 / 4) OilPlantZone: FOOL
(36:53 / 4) OilPlantZone: now im screwed
(36:59 / 4) OilPlantZone: my uniuts
(37:05 / 4) OilPlantZone: te action
(37:10 / 4) OilPlantZone: my tp
(37:11 / 4) OilPlantZone: COOL HUH
(37:19 / 6) iLIKE2playwSH1T: use quick hall
(37:22 / 6) iLIKE2playwSH1T: i cant use
(37:23 / 6) iLIKE2playwSH1T: wtih share control
(37:25 / 6) iLIKE2playwSH1T: use quick hall
(37:28 / 6) iLIKE2playwSH1T: snd star ttower
(38:08 / All) Pissed_Pe0n: hacks
(38:17 / All) iLIKE2playwSH1T: noob
(38:22 / All) Pissed_Pe0n: reported
(38:29 / All) iLIKE2playwSH1T: rofl remember when u thought it was hacks
(38:33 / All) iLIKE2playwSH1T: because ur red hero ran f rom my ally
(38:35 / All) iLIKE2playwSH1T: and i kikleld
(39:54 / All) Pissed_Pe0n: hack
(40:40 / 4) OilPlantZone: should i upgrade those tyowers?
(40:46 / 6) iLIKE2playwSH1T: twoer topp
(41:03 / 4) OilPlantZone: i can either mine or towers
(41:05 / 4) OilPlantZone: im at 74 fiid
(41:07 / 4) OilPlantZone: food
(41:11 / 4) OilPlantZone: and i cant make new peons
(41:13 / 4) OilPlantZone: without making new houses
(41:20 / 4) OilPlantZone: i only have 3 in that mine as it is
(41:23 / 4) OilPlantZone: or better yet
(41:27 / 4) OilPlantZone: shouldnt you be nminning
(41:29 / 6) iLIKE2playwSH1T: wood?
(41:30 / 4) OilPlantZone: with your 50 food
(42:01 / 6) iLIKE2playwSH1T: do i have bats wsoermosenhr
(42:03 / 6) iLIKE2playwSH1T: wetha thet fuck
(42:15 / 6) iLIKE2playwSH1T: oh at top
(43:31 / 6) iLIKE2playwSH1T: owned self
(43:47 / 6) iLIKE2playwSH1T: i have my own self ownd
(44:01 / 4) OilPlantZone: \how
(44:06 / 6) iLIKE2playwSH1T: u control bats at top
(44:54 / All) iLIKE2playwSH1T: noobtard
(45:03 / All) iLIKE2playwSH1T: another level for tha juiceman
(45:36 / All) Pissed_Pe0n: coward
(46:11 / 6) iLIKE2playwSH1T: wood?
(46:45 / All) Pissed_Pe0n: pointless
(46:51 / 6) iLIKE2playwSH1T: can u get a new zepp to top isle
(46:55 / 6) iLIKE2playwSH1T: i have wood peons and wood slave there
(46:57 / 6) iLIKE2playwSH1T: waiting fo ra ride
(46:59 / 6) iLIKE2playwSH1T: to their montehrland
(47:42 / All) Pissed_Pe0n: wow
(47:46 / All) Pissed_Pe0n: all this over 1 game
(47:55 / All) iLIKE2playwSH1T: yeajh i cant beleive youre willing to spend hours
(47:56 / All) iLIKE2playwSH1T: losing
(48:05 / All) Pissed_Pe0n: u havent won?
(48:12 / All) iLIKE2playwSH1T: yeah i have
(48:14 / All) Pissed_Pe0n: ur playing king of the hill
(48:18 / All) Pissed_Pe0n: ain wow
(48:44 / All) Pissed_Pe0n: u havent won shit
(48:49 / All) Pissed_Pe0n: whats the point?
(48:51 / 6) iLIKE2playwSH1T: get tier 3 so i can get human staff
(48:59 / All) Pissed_Pe0n: u prove u can hide?
(49:11 / All) iLIKE2playwSH1T: i very won trash
(49:14 / All) iLIKE2playwSH1T: u can leave now or later
(49:24 / All) Pissed_Pe0n: u cant win with units so u turtle
(49:32 / All) Pissed_Pe0n: gay homo korean
(49:59 / All) iLIKE2playwSH1T: ur a noob
(50:03 / All) iLIKE2playwSH1T: and you woudlnt have started chatting
(50:07 / All) iLIKE2playwSH1T: unless you thougth you lost already
(50:08 / All) iLIKE2playwSH1T: ))
(50:09 / All) Pissed_Pe0n: lol
(50:12 / All) Pissed_Pe0n: ur scared
(50:16 / All) Pissed_Pe0n: and hiding
(50:22 / All) Pissed_Pe0n: pussie
(50:49 / All) iLIKE2playwSH1T: guess how many thousand
(50:50 / All) iLIKE2playwSH1T: gold i have
(50:51 / All) iLIKE2playwSH1T: adn ill leave
(50:52 / All) iLIKE2playwSH1T: right away
(51:58 / 4) OilPlantZone: make a lumber mill at top
(51:59 / 6) iLIKE2playwSH1T: get tier 3
(51:59 / 4) OilPlantZone: if you need wood
(52:02 / 4) OilPlantZone: shredder doign nothing
(52:02 / 6) iLIKE2playwSH1T: io need that bhuamn staff
(52:16 / 4) OilPlantZone: just as soon as i get enough wood
(52:19 / All) Pissed_Pe0n: blue ur a dick man
(52:27 / All) Pissed_Pe0n: koran dicklewss
(52:33 / All) iLIKE2playwSH1T: fat american
(52:45 / 4) OilPlantZone: where is that zepp up top going
(52:47 / 4) OilPlantZone: with hte shredder
(52:55 / 6) iLIKE2playwSH1T: richer pastures
(53:02 / 4) OilPlantZone: i ask so i can help move it
(53:06 / All) FU.U.to.the.S: blue u korean?
(53:15 / All) iLIKE2playwSH1T: i am aryan
(53:17 / All) Pissed_Pe0n: ya but scard to admit it
(53:18 / All) iLIKE2playwSH1T: pure white aryan
(53:25 / All) FU.U.to.the.S: zz
(54:31 / 6) iLIKE2playwSH1T: his lich lol
(54:32 / 6) iLIKE2playwSH1T: he will cry
(54:33 / All) Pissed_Pe0n: hes gonna kill our base with a bm
(54:33 / 6) iLIKE2playwSH1T: when ijack it
(54:36 / 6) iLIKE2playwSH1T: it has red heatlh
(54:37 / All) Pissed_Pe0n: lol
(54:44 / All) Pissed_Pe0n: gay dickless
(54:47 / All) Pissed_Pe0n: nerd
(54:56 / All) OilPlantZone: u mad?
(56:24 / 6) iLIKE2playwSH1T: chims alone at bottom right
(56:26 / 6) iLIKE2playwSH1T: gonna hawk em
(56:34 / All) Pissed_Pe0n: hacks
(56:42 / All) Pissed_Pe0n: |blue ue so gay
(56:46 / All) iLIKE2playwSH1T: watch replay buttsniffer
(56:49 / All) iLIKE2playwSH1T: its called flare
(56:52 / 4) OilPlantZone: i asaw those at same timeas you
(56:53 / All) Pissed_Pe0n: how many ghost account and serials u have?
(56:58 / 4) OilPlantZone: didnt mean to srew uop your movements
(57:19 / All) iLIKE2playwSH1T: come on guess
(57:21 / All) iLIKE2playwSH1T: how many thousands
(57:22 / All) iLIKE2playwSH1T: i hve
(57:23 / All) iLIKE2playwSH1T: and ill leave
(57:25 / 6) iLIKE2playwSH1T: uy have one guess
(57:28 / All) iLIKE2playwSH1T: u get one guess
(58:10 / 6) iLIKE2playwSH1T: make 2 more shops up top so i can mass staff buy later
(58:34 / 4) OilPlantZone: imk putting one on each island
(58:40 / 4) OilPlantZone: you sure you want 3 at top?
(58:49 / 6) iLIKE2playwSH1T: 1 each is fine
(59:10 / 4) OilPlantZone: sjhould i gaet a caster shack for arcane sentry?
(59:16 / 6) iLIKE2playwSH1T: yeah
(59:37 / All) Pissed_Pe0n: well i have life unlike blue
(59:40 / All) iLIKE2playwSH1T: lol
(59:41 / All) iLIKE2playwSH1T: u give up
(59:42 / All) iLIKE2playwSH1T: hope
(59:43 / All) iLIKE2playwSH1T: adn tell lie
(59:44 / All) Pissed_Pe0n: who whacks it all day
(59:45 / All) iLIKE2playwSH1T: to excuse
(59:46 / All) iLIKE2playwSH1T: quitting
(59:50 / All) iLIKE2playwSH1T: qq now
(59:53 / All) Pissed_Pe0n: has to watch porn to get off
(59:59 / All) iLIKE2playwSH1T: just leave
(60:02 / All) Pissed_Pe0n: and likes to watch famr anilkamls
(60:03 / All) iLIKE2playwSH1T: dont try to make a gracious exit
(60:05 / All) iLIKE2playwSH1T: u dumb noob
(60:05 / All) OilPlantZone: only you would think of such things
(60:07 / All) OilPlantZone: you low brow
(60:10 / All) OilPlantZone: just quit now
(60:13 / All) OilPlantZone: churl
(60:14 / All) FU.U.to.the.S: i'm free
(60:27 / All) Pissed_Pe0n: u forget they stay
(60:44 / 4) OilPlantZone: staffs are up
(61:02 / 4) OilPlantZone: btw feel free to help yourself to any items =my heros are holding
(61:19 / All) iLIKE2playwSH1T: need more periapt
(61:30 / All) iLIKE2playwSH1T: like 25 more
(62:00 / 4) OilPlantZone: what was that again?
(62:07 / 6) iLIKE2playwSH1T: ?
(62:12 / 4) OilPlantZone: about preapts
(62:16 / 6) iLIKE2playwSH1T: his hero had at least 2
(62:18 / 6) iLIKE2playwSH1T: fat pit lord
(62:21 / 6) iLIKE2playwSH1T: died like a shit
(62:34 / 4) OilPlantZone: what good are my mortars
(62:38 / 4) OilPlantZone: what should i do with them
(62:41 / 4) OilPlantZone: ?
(62:42 / 6) iLIKE2playwSH1T: kill if u want
(62:55 / All) Pissed_Pe0n: hacks@blizzard.com
(63:02 / All) iLIKE2playwSH1T: u would know
(64:39 / 4) OilPlantZone: shared control...
(64:42 / 4) OilPlantZone: just move the peons
(66:39 / All) FU.U.to.the.S: i'm go to school wait 3p.m
(67:13 / 6) iLIKE2playwSH1T: get soem hawks up there
(67:14 / 6) iLIKE2playwSH1T: ?
(67:33 / 6) iLIKE2playwSH1T: 5 unmound
(67:36 / 6) iLIKE2playwSH1T: 6
(67:40 / 6) iLIKE2playwSH1T: plus two cloudspots
(67:47 / 6) iLIKE2playwSH1T: hawking
(67:48 / 6) iLIKE2playwSH1T: dont mes swith it
(70:00 / 6) iLIKE2playwSH1T: duid u make a shop
(70:02 / 6) iLIKE2playwSH1T: botom elft?
(70:13 / 4) OilPlantZone: got slayed
(70:33 / 4) OilPlantZone: sending two hawks to bottom left for future threat
(70:49 / 4) OilPlantZone: taking two of the group hawks out to gor bottom right
(71:17 / All) iLIKE2playwSH1T: rofl
(71:18 / All) iLIKE2playwSH1T: clown
(71:19 / All) iLIKE2playwSH1T: out
(72:43 / 4) OilPlantZone: lol zeppelining wood
(74:04 / All) iLIKE2playwSH1T: how much godl yall hve
(74:09 / All) iLIKE2playwSH1T: is it like 8000 and you just dont know hwo to play
(74:11 / All) iLIKE2playwSH1T: or are you broke
(75:28 / 6) iLIKE2playwSH1T: now i have a fiend
(77:23 / 6) iLIKE2playwSH1T: we could win them now
(77:41 / 4) OilPlantZone: lal
(77:55 / 6) iLIKE2playwSH1T: tank the top bases
(77:57 / 6) iLIKE2playwSH1T: we dont need tnaks anyway
(78:30 / 4) OilPlantZone: items
(79:30 / 6) iLIKE2playwSH1T: now i can start taking wyrms
(80:46 / All) OilPlantZone: goodby faggot
(81:33 / 6) iLIKE2playwSH1T: oops
(81:35 / 6) iLIKE2playwSH1T: needed mana
(81:40 / All) iLIKE2playwSH1T: stop ur lag hack
(91:26 / All) FU.U.to.the.S: hey
(91:32 / All) iLIKE2playwSH1T: yo
(91:37 / All) FU.U.to.the.S: hi 
(91:41 / All) iLIKE2playwSH1T: bye